Map: Eternal Empire LE

Players

RuFF - Winner!

  • Race: Terran Terran
  • League: Master
  • Spawn Location: 1:00

Dystopia

  • Race: Protoss Protoss
  • League: Master
  • Spawn Location: 7:00

VOD

Have the link to the VOD?

Description

Time

  • Played on: Dec. 15, 2019, 2:34 p.m.
  • Length: 13:33
Show
View Real Time Build Order
Export as new Build Order

RuFF Terran - Winner!

Build Orders: Mech 

Get SALT Encoding   

  12  0:00  SCV  
  13  0:13  SCV  
  14  0:17  Supply Depot  
  14  0:25  SCV  
  15  0:39  SCV  
  15  0:40  Barracks  
  16  0:51  SCV  
  17  1:03  SCV  
  18  1:15  SCV  
  19  1:26  Command Center  
  19  1:28  Marine  
  19  1:31  Orbital Command  
  20  1:36  Refinery  
  20  1:46  Marine  
  21  1:47  Supply Depot  
  21  1:57  SCV  
  22  2:02  Bunker  
  22  2:03  Marine  
  22  2:07  Refinery  
  23  2:11  SCV  
  24  2:21  Marine  
  25  2:24  SCV  
  26  2:36  SCV  
  26  2:37  Factory  
  27  2:39  Orbital Command  
  27  2:44  Barracks Reactor  
  27  2:48  SCV  
  27  2:50  Barracks  
  28  3:00  SCV  
  28  3:02  Ghost Academy  
  29  3:06  SCV  
  29  3:12  SCV  
  31  3:18  SCV  
  32  3:26  SCV  
  33  3:27  Factory Tech Lab, Marine x2  
  33  3:30  SCV  
  36  3:37  Barracks Tech Lab  
  36  3:39  SCV  
  37  3:42  SCV  
  37  3:45  Marine x2  
  37  3:47  Siege Tank  
  43  3:51  SCV  
  43  3:55  Supply Depot, Ghost  
  44  3:59  Refinery  
  46  4:09  Marine x2, SCV  
  49  4:10  Supply Depot  
  49  4:14  SCV  
  49  4:15  Supply Depot  
  50  4:20  Siege Tank  
  54  4:24  SCV  
  54  4:26  Marine x2  
  54  4:31  Ghost  
  56  4:34  SCV  
  56  4:37  Refinery  
  59  4:42  Engineering Bay  
  59  4:44  SCV  
  60  4:46  Marine x2  
  60  4:49  SCV  
  63  4:54  Siege Tank  
  66  5:04  Marine x2  
  66  5:05  Enhanced Shockwaves  
  68  5:09  Marine, SCV  
  68  5:13  SCV  
  71  5:21  SCV  
  71  5:25  SCV  
  73  5:29  Factory  
  73  5:30  Factory  
  69  5:36  Siege Tank  
  51  6:06  Marine x2  
  51  6:07  Ghost  
  51  6:08  Siege Tank  
  51  6:16  Supply Depot  
  51  6:17  Supply Depot  
  51  6:18  Factory Tech Lab  
  48  6:22  SCV  
  48  6:24  Factory Tech Lab, SCV  
  50  6:35  SCV  
  50  6:37  Armory  
  50  6:38  Armory, Hellion x2  
  55  6:41  Bunker  
  55  6:43  SCV  
  56  6:48  SCV  
  56  6:50  Siege Tank  
  56  6:52  Infernal Pre-Igniter, Hellion  
  62  6:56  Barracks Tech Lab, SCV  
  62  7:00  SCV, Hellion x2  
  68  7:07  Ghost  
  68  7:08  SCV  
  71  7:13  SCV  
  72  7:17  Siege Tank  
  75  7:36  Siege Tank  
  82  7:37  Ghost, Hellion x2  
  84  7:45  SCV  
  61  8:13  Ghost x2, Hellion x2  
  61  8:16  Hellion x2  
  61  8:18  Hellion x2  
  73  8:20  Terran Vehicle And Ship Armor Level 1, Terran Vehicle Weapons Level 1  
  73  8:24  SCV  
  73  8:26  Command Center  
  74  8:46  Ghost  
  74  8:48  Siege Tank, Hellion  
  81  8:49  Hellion x2  
  85  8:57  SCV  
  86  9:08  Supply Depot x2  
  86  9:15  SCV  
  85  9:17  Siege Tank  
  86  9:29  Siege Tank  
  89  9:36  Starport  
  90  9:45  SCV  
  90  9:49  Siege Tank  
  93  10:11  Siege Tank  
  93  10:13  Starport Reactor  
  96  10:21  Siege Tank  
  68  10:50  Siege Tank  
  68  10:51  Hellion x2  
  68  10:54  Hellion  
  72  10:57  SCV  
  73  11:04  Ghost  
  73  11:05  Liberator, Ghost  
  73  11:06  Liberator  
  71  11:12  Hellion  
  71  11:13  Hellion  
  71  11:15  Hellion  
  71  11:23  Hellion  
  77  11:34  Hellion x2  
  77  11:37  Hellion  
  77  11:39  SCV  
  84  11:44  Hellion  
  86  11:49  Planetary Fortress  
  86  11:59  Thor  
  92  12:04  Missile Turret  
  97  13:01  Hellion  
Show
View Real Time Build Order
Export as new Build Order

Dystopia Protoss 

Build Orders: 1 Gate Expand 

Get SALT Encoding   

  12  0:01  Probe  
  13  0:13  Probe  
  14  0:18  Pylon  
  14  0:25  Probe  
  15  0:37  Gateway, Probe (Chrono Boost)  
  16  0:43  Assimilator  
  16  0:47  Probe (Chrono Boost)  
  17  0:52  Probe (Chrono Boost)  
  18  1:03  Probe  
  19  1:16  Probe  
  20  1:23  Nexus  
  20  1:35  Cybernetics Core  
  20  1:40  Assimilator  
  20  1:42  Probe  
  20  1:54  Probe  
  20  1:58  Pylon  
  21  2:06  Probe  
  22  2:13  Adept (Chrono Boost), Warp Gate  
  22  2:18  Probe  
  25  2:30  Probe, Robotics Facility  
  25  2:35  Adept  
  25  2:36  Probe (Chrono Boost)  
  30  2:44  Probe (Chrono Boost)  
  30  2:48  Probe (Chrono Boost)  
  31  2:53  Probe (Chrono Boost)  
  31  2:55  Probe (Chrono Boost)  
  33  2:58  Probe (Chrono Boost)  
  33  3:02  Probe  
  35  3:08  Pylon  
  35  3:12  Gateway  
  35  3:19  Probe x2  
  37  3:23  Immortal (Chrono Boost)  
  39  3:31  Probe x2  
  41  3:37  Gateway  
  41  3:43  Gateway  
  41  3:49  Gateway  
  41  3:58  Gateway  
  41  4:02  Pylon, Sentry  
  43  4:08  Sentry  
  45  4:13  Pylon  
  45  4:26  Stalker  
  47  4:33  Sentry x2  
  47  4:35  Probe x2, Warp Prism (Chrono Boost)  
  53  4:45  Zealot x2  
  59  4:58  Robotics Bay, Adept x3  
  65  5:01  Zealot  
  65  5:03  Probe  
  65  5:04  Probe  
  69  5:29  Shield Battery  
  69  5:30  Shield Battery  
  69  5:35  Shield Battery  
  69  5:46  Pylon  
  69  5:48  Pylon  
  69  5:52  Disruptor (Chrono Boost)  
  58  5:58  Stalker x4  
  60  6:10  Probe x2  
  59  6:14  Stalker x2  
  61  6:22  Probe x2 (Chrono Boost), Assimilator  
  61  6:24  Adept x2  
  67  6:26  Zealot  
  67  6:27  Zealot  
  71  6:34  Probe x2 (Chrono Boost), Assimilator  
  71  6:37  Adept  
  75  6:43  Probe x2 (Chrono Boost)  
  77  6:48  Probe  
  77  6:53  Adept x4  
  86  6:59  Pylon  
  86  7:35  Colossus, Extended Thermal Lance (Chrono Boost)  
  88  7:44  Adept x3  
  94  7:51  Pylon  
  94  7:52  Forge  
  94  7:53  Pylon  
  94  7:56  Nexus  
  94  7:57  Pylon  
  63  8:09  Zealot x3  
  63  8:10  Zealot x2  
  63  8:11  Probe  
  63  8:12  Probe  
  55  8:14  Protoss Ground Armor Level 1  
  55  8:24  Probe  
  55  8:25  Twilight Council  
  55  8:26  Immortal (Chrono Boost)  
  56  8:32  Sentry x2  
  64  8:34  Zealot x3  
  64  8:35  Zealot  
  64  8:39  Probe x2  
  74  8:51  Probe x2  
  76  8:57  Pylon  
  76  9:02  Stalker x3  
  80  9:07  Charge (Chrono Boost)  
  80  9:08  Zealot x2  
  83  9:18  Probe x3  
  84  9:25  Templar Archives  
  84  9:30  Probe x3  
  87  9:37  Pylon  
  86  9:40  Adept x2  
  86  9:42  Probe x3  
  93  9:54  Zealot x4, Probe  
  102  10:03  High Templar  
  102  10:04  High Templar  
  106  10:08  Archon  
  104  10:15  Immortal  
  104  10:18  Zealot x4  
  114  10:40  Zealot x4  
  114  10:41  Zealot x2  
  74  10:56  Immortal  
  72  11:00  Zealot x2  
  72  11:02  Zealot x2  
  76  11:07  Probe x2  
  63  11:19  Probe x2  
  63  11:25  Pylon  
  65  11:28  High Templar x3  
  65  11:29  High Templar x3  
  77  11:36  Observer, Archon x3  
  78  11:57  Nexus  
  78  12:01  High Templar  
  78  12:04  High Templar  
  78  12:07  Pylon  
  78  12:08  Zealot x2  
  86  12:09  Archon  
  86  12:16  Adept x2  
  76  12:34  Zealot x3  
  82  12:44  Stalker x2  
  72  13:11  Zealot x5  
Tags
 
Composition
Mech
Matchup
PvT
Spawn Locations
Cross Positions
Add a new tag
Caveats
  • Supply blocks, unpowered buildings, or Contaminate may cause inaccurate times.
  • Supply counts are checked every 10 seconds.